 Dungeon Sprint DCSS version 0.30.1 (webtiles) character file.

Game seed: 15421303241394473288

6 Groucho the Trooper (level 1, -1/31 HPs)
             Began as a Naga Fighter on July 3, 2023.
             Was a Priest of Cheibriados.
             Slain by a water moccasin (5 damage)
             ... in the Dungeon (Sprint VII: "The Pits").
             The game lasted 00:01:21 (104 turns).

Groucho the Trooper (Naga Fighter)                   Turns: 104, Time: 00:01:22

Health: -1/31      AC:  4    Str: 25    XL:     1   Next: 90%
Magic:  1/2        EV:  7    Int: 15    God:    Cheibriados [***...]
Gold:   0          SH:  5    Dex: 17    Spells: 0/0 levels left

rFire   . . .        a - +2 hand axe
rCold   . . .        c - +0 buckler
rNeg    . . .        b - +0 scale mail
rPois   +            (no helmet)
rElec   .            (no cloak)
rCorr   .            (no gloves)
SInv    +            (no barding)
Will    .....        (no amulet) Stlth
                     (no ring)
HPRegen 0.25/turn    (no ring)
MPRegen 0.08/turn

%: no teleportation
@: berserking (expiring), very slow
A: AC +0, large, see invisible, deformed body, poison resistance, slowness 2,
spit poison 1, naga tail 1
a: Spit Poison, Renounce Religion, Bend Time, Temporal Distortion


You were in the Dungeon.
You worshipped Cheibriados.
Cheibriados was most pleased with you.
You visited 1 branch

Inventory:

Hand Weapons
 a - a +2 hand axe (weapon)
Armour
 b - a +0 scale mail (worn)
 c - a +0 buckler (worn)
Scrolls
 j - a scroll of blinking
 l - 5 scrolls of amnesia
 m - a scroll of summoning
Potions
 d - a potion of might
 e - a potion of curing
 g - a potion of haste
 h - 4 potions of magic
 i - 2 potions of berserk rage
 k - 2 potions of invisibility


   Skills:
 + Level 3.4 Fighting
 + Level 2.5 Axes
 + Level 2.7 Armour
 + Level 3.0 Shields
 + Level 1.4 Invocations


You couldn't memorise any spells.
You didn't know any spells.
Your spell library was empty.

Dungeon Overview and Level Annotations

Branches:
Dungeon (1/1)

Altars:
Ashenzari
Cheibriados
Dithmenos
Elyvilon
Fedhas
Gozag
Hepliaklqana
Kikubaaqudgha
Makhleb
Nemelex Xobeh
Okawaru
Qazlal
Ru
Sif Muna
Trog
Uskayaw
Vehumet
Wu Jian
Xom
Yredelemnul
Zin
The Shining One
Jiyva
Lugonu


Innate Abilities, Weirdness & Mutations

Your serpentine skin is tough. (AC +0)
You have supernaturally acute eyesight. (SInv)
Armour fits poorly on your strangely shaped body.
Your system is resistant to poisons. (rPois)
You cover ground very slowly.
You can spit poison.
You have a snake-like lower body.


Message History

The orc hits you from afar with a +0 trident.
The water moccasin bites you but does no damage.
You feel much better. The water moccasin barely misses you.
The quokka barely misses you.
The orc hits you from afar with a +0 trident.
A red film seems to cover your vision as you go berserk!
Cheibriados forces you to slow down.
You feel mighty! The water moccasin closely misses you.
A bat comes into view.
The quokka bites you. The orc barely misses you. The water moccasin bites you.
You completely miss the water moccasin. You slash the quokka!
You kill the quokka!
Cheibriados appreciates the change of pace.
The water moccasin bites you but does no damage.
The orc hits you from afar with a +0 trident!
You closely miss the water moccasin. The water moccasin bites you.
The orc hits you from afar with a +0 trident.
The water moccasin barely misses you.
You are too injured to fight recklessly!
You are too injured to fight recklessly!
You are too injured to fight recklessly!
You are too injured to fight recklessly!
The water moccasin bites you.
* * * LOW HITPOINT WARNING * * *
The orc closely misses you.
The water moccasin bites you but does no damage.
The orc barely misses you.
The water moccasin bites you but does no damage.
The orc hits you but does no damage.
You slash the orc!
You kill the orc!
Cheibriados thoroughly appreciates the change of pace.
Cheibriados raises the support of your attributes as your movement slows.
You can now warp the flow of time around you.
Cheibriados raises the support of your attributes as your movement slows.
You hit the water moccasin. The bat hits you but does no damage.
The water moccasin bites you.
* * * LOW HITPOINT WARNING * * *
The water moccasin bites you.
You die...

#_________.#
#_______...##########
##########'##........
#.?(.')))')##......#.
##########.##........
#..........†'........
#+#####'#####......#.
#..#..#..##........
#S@'.†'..#####'####
##)####+###.......#
#b.. #.......# #....
#.......# #####+
#...<...# #.......#
#.......# #.......#
#########


You could see a water moccasin and a bat.

Vanquished Creatures
  An orc (D)
  A bat zombie (D)
  A quokka (D)
  2 ball pythons (D)
  A ball python skeleton (D)
  A frilled lizard (D)
  A giant cockroach zombie (D)
8 creatures vanquished.

Notes
Turn   | Place    | Note
-------+----------+-------------------------------------------
     0 | D        | Groucho the Naga Fighter began the quest for the Orb.
     0 | D        | Reached XP level 1. HP: 21/21 MP: 1/1
    43 | D        | Found a bloodstained altar of Trog.
    43 | D        | Found a shimmering blue altar of Sif Muna.
    43 | D        | Found a viscous altar of Jiyva.
    43 | D        | Found a hazy altar of Hepliaklqana.
    43 | D        | Found an opulent altar of Gozag.
    44 | D        | Found a glowing golden altar of the Shining One.
    44 | D        | Found a glowing silver altar of Zin.
    44 | D        | Found a basalt altar of Yredelemnul.
    44 | D        | Found a shimmering altar of Xom.
    44 | D        | Found an ornate altar of the Wu Jian Council.
    44 | D        | Found a sacrificial altar of Ru.
    44 | D        | Found a stormy altar of Qazlal.
    44 | D        | Found an iron altar of Okawaru.
    44 | D        | Found a sparkling altar of Nemelex Xobeh.
    44 | D        | Found a burning altar of Makhleb.
    44 | D        | Found a blossoming altar of Fedhas.
    44 | D        | Found a white marble altar of Elyvilon.
    44 | D        | Found a shadowy altar of Dithmenos.
    44 | D        | Found a snail-covered altar of Cheibriados.
    46 | D        | Found a radiant altar of Vehumet.
    46 | D        | Found a corrupted altar of Lugonu.
    47 | D        | Found a hide-covered altar of Uskayaw.
    47 | D        | Found an ancient bone altar of Kikubaaqudgha.
    47 | D        | Found a broken altar of Ashenzari.
    55 | D        | Became a worshipper of Cheibriados the Contemplative
    86 | D        | Reached * piety under Cheibriados
    87 | D        | Reached skill level 1 in Invocations
    92 | D        | Reached ** piety under Cheibriados
    97 | D        | Noticed a water moccasin
   104 | D        | Reached *** piety under Cheibriados
   104 | D        | Slain by a water moccasin

Illustrated notes

Levels and vault maps discovered:
D:        pitsprint [storerooms_1, entrance_room_1, metal_vault_3, armoury_3,
          mini_pit_1, grid_room_1, main_hall_1, silver_pit, the_coven_1,
          the_vestibule_1, steel_vault_4, golden_pit, hallway_of_sentries,
          crystal_vault_5, iron_vault_4, final_vault]

Skill      XL: |  1 |
---------------+----+-----
Invocations    | 1 |  1.4
Shields        | 3 |  3.0
Fighting       | |  3.4
Axes           | |  2.5
Armour         | |  2.7

Action                     || total
---------------------------++-------
  Melee: Hand axe          ||    15
         War axe           ||     1
    Use: Potion            ||     2
 Armour: Scale mail        ||    12
  Dodge: Dodged            ||    18
  Block: Buckler           ||     5
